 Dungeon Crawl Stone Soup version 0.18.1-8-gdd0e5ea (webtiles) character file.

10885 urechis the Grappler (level 11, 0/117 HPs)
             Began as a Troll Monk on May 26, 2016.
             Slain by a wolf (6 damage)
             ... on level 5 of the Lair of Beasts.
             The game lasted 00:17:25 (9324 turns).

urechis the Grappler (Troll Monk)                   Turns: 9324, Time: 00:17:25

Health: 0/117      AC:  9    Str: 21    XL:     11   Next: 42%
Magic:  10/10      EV: 11    Int:  6    God:
Gold:   525        SH:  0    Dex: 16    Spells: 0 memorised, 10 levels left

rFire  + . .     SeeInvis .       - Unarmed
rCold  . . .     Gourm    +     a - +0 robe
rNeg   + . .     Faith    .     (no shield)
rPois  .         Spirit   .     (helmet restricted)
rElec  .         Dismiss  .     j - +0 cloak
rCorr  +         Reflect  .     (gloves unavailable)
SustAt .         Harm     .     (boots unavailable)
MR     .....     Rnd*Rage +     (no amulet)
Stlth  ++........               y - ring of resist corrosion
                                w - ring of positive energy

@: not resistant to hostile enchantments, unstealthy
A: unfitting armour, claws 3, rough black scales 1, thin skeletal structure 1,
berserk 1, blink, deformed body, fire resistance 1, fast metabolism 3, gourmand,
regeneration 2, shaggy fur 1, tough skin 2, no device heal 1
a: Blink


You were on level 5 of the Lair of Beasts.
You were completely stuffed.

You visited 3 branches of the dungeon, and saw 16 of its levels.

You collected 595 gold pieces.
You spent 70 gold pieces at shops.

Inventory:

Missiles
 u - 7 large rocks (quivered)
Armour
 a - a +0 robe (worn)
 j - a +0 cloak (worn)
 q - a +1 hat
Jewellery
 w - a ring of positive energy (left claw)
 y - a ring of resist corrosion (right claw)
Scrolls
 d - 14 scrolls of remove curse
 g - 3 scrolls of teleportation
 h - a scroll of enchant armour {unknown}
 i - a scroll of magic mapping
 k - 2 scrolls of fog {unknown}
 l - a scroll of fear {unknown}
 n - a scroll of random uselessness {unknown}
 p - a scroll of vulnerability {unknown}
 r - a scroll of enchant weapon
 s - a scroll of blinking
 v - a scroll of recharging
Potions
 e - 2 potions of might
Comestibles
 b - 9 bread rations
 c - 6 fruits
 o - 5 beef jerkies
 t - 8 slices of pizza
 x - 2 meat rations
 z - a royal jelly
 A - 5 chunks of flesh


   Skills:
 - Level 10.0 Fighting
 - Level 2.4 Dodging
 - Level 1.1 Stealth
 + Level 14.0 Unarmed Combat


You had 10 spell levels left.
You didn't know any spells.

Dungeon Overview and Level Annotations

Branches:
Dungeon (8/15)             Temple (1/1) D:6            Lair (7/8) D:8
  Swamp (0/4) Lair:4       Spider (0/4) Lair:5
  Slime: Lair:6-8

Altars:
Ashenzari
Cheibriados
Dithmenos
Elyvilon
Fedhas
Gozag
Kikubaaqudgha
Makhleb
Okawaru
Pakellas
Qazlal
Ru
Sif Muna
Trog
Vehumet
Xom
Yredelemnul
Zin
The Shining One

Shops:
D:5 :   D:6 (   D:7 :   D:8 ?

Annotations:
Lair:5 exclusion: oklob plant, Rupert
Lair:7 Josephine


Innate Abilities, Weirdness & Mutations

You are too large for most types of armour.
You have claws for hands.
Your metabolism is lightning-fast.
You like to eat raw meat.
You heal very quickly.
You are covered in fur (AC +1).
You have very tough skin (AC +2).
You are partially covered in rough black scales (AC +4, Dex -1).
You have a somewhat thin skeletal structure (Dex +2, Stealth).
You tend to lose your temper in combat.
You can translocate small distances at will.
Armour fits poorly on your strangely shaped body.
Your flesh is heat resistant.
Potions and wands are less effective at restoring your health.


Message History

You completely miss the wolf. The wolf bites you but does no damage.
The wolf bites you!
* * * LOW HITPOINT WARNING * * *
You closely miss the wolf. The wolf bites you but does no damage.
The wolf closely misses you. The wolf bites you but does no damage.
The wolf bites you.
* * * LOW HITPOINT WARNING * * *
The wolf barely misses you. The wolf bites you.
* * * LOW HITPOINT WARNING * * *
You climb downwards.
Level annotation: exclusion: oklob plant, Rupert
There is a stone staircase leading up here.
You scratch the wolf but do no damage. The wolf bites you.
* * * LOW HITPOINT WARNING * * *
The wolf bites you.
* * * LOW HITPOINT WARNING * * *
You barely miss the wolf. The wolf misses you. The wolf bites you.
* * * LOW HITPOINT WARNING * * *
The wolf bites you.
You die...

#..#.. ##....# ....# .....#
.#..#. #...## #.... # #....##
#...##. # ########...#.## ......
#.#..#.##....P..############.....
/.......P......P...##P.##.##P....
..^^..$........h@................
^....^..#......#.h..##..#.#......
..^....##.#...######.#####.#.##..
.^...^.###...#.# ### #####...
.^^...^# #$...## ###.
.>.^........### ## ..^...^.#.P.#
# .^.^^^.#@...# ## #.


You could see 2 wolves.

Vanquished Creatures
  A death yak (Lair:6)
  A griffon (Lair:6)
  An elephant (Lair:5)
  The ghost of urechis the Grappler, a novice VSMo (D:6)
  3 spiny frogs
  A komodo dragon (Lair:5)
  Prince Ribbit (D:5)
  A boulder beetle (Lair:6)
  6 blink frogs (Lair:6)
  8 yaks
  A human (D:7)
  A steam dragon (D:7)
  3 hippogriffs
  Menkaure (D:4)
  A porcupine (Lair:6)
  2 water moccasins
  2 orc warriors (D:8)
  2 ice beasts
  2 sky beasts (D:6)
  A phantom (D:7)
  4 ogres
  A necrophage (D:5)
  6 centaurs
  A wolf (Lair:6)
  6 crocodiles
  10 giant frogs
  5 wights (D:6)
  An electric eel (Lair:6)
  3 howler monkeys
  A crimson imp (D:7)
  A giant frog zombie (D:6)
  A jelly (D:7)
  A quasit (D:5)
  3 hounds
  7 orc priests
  2 giant frog skeletons (D:4)
  2 iguanas
  6 orc wizards
  7 worker ants
  3 sheep (D:7)
  2 hound zombies
  2 hound skeletons
  A worker ant zombie (D:8)
  11 river rats
  3 gnolls (D:6)
  A howler monkey skeleton (D:7)
  7 adders
  4 oozes
  An adder skeleton (D:4)
  2 worms (D:2)
  2 dart slugs
  4 giant geckos
  30 orcs
  16 bats
  6 giant cockroaches
  8 hobgoblins
  7 jackals
  4 quokkas
  2 ball pythons (D:3)
  8 giant newts
  3 goblins
  12 kobolds
  13 rats
  A fungus (Lair:5)
261 creatures vanquished.

Vanquished Creatures (others)
  A bush (Lair:6)
  7 fungi (Lair:6)
  5 plants (Lair:6)
13 creatures vanquished.

Grand Total: 274 creatures vanquished

Notes
Turn   | Place    | Note
--------------------------------------------------------------
     0 | D:1      | urechis the Troll Monk began the quest for the Orb.
     0 | D:1      | Reached XP level 1. HP: 22/22 MP: 0/0
   357 | D:1      | Reached XP level 2. HP: 25/29 MP: 1/1
   851 | D:2      | Reached XP level 3. HP: 22/36 MP: 2/2
  1113 | D:2      | Reached skill level 5 in Unarmed Combat
  1127 | D:2      | Found a burning altar of Makhleb.
  1326 | D:2      | Reached XP level 4. HP: 44/45 MP: 3/3
  1562 | D:2      | Found a shimmering altar of Xom.
  1895 | D:3      | Found an oddly glowing altar of Pakellas.
  2240 | D:3      | Reached XP level 5. HP: 53/53 MP: 4/4
  2244 | D:3      | Reached skill level 6 in Unarmed Combat
  2480 | D:4      | Found a stormy altar of Qazlal.
  2529 | D:4      | Reached XP level 6. HP: 51/62 MP: 5/5
  2551 | D:4      | Noticed Menkaure
  2560 | D:4      | Killed Menkaure
  2670 | D:4      | Reached skill level 7 in Unarmed Combat
  3099 | D:5      | Entered Level 5 of the Dungeon
  3122 | D:5      | Found a radiant altar of Vehumet.
  3136 | D:5      | Reached XP level 7. HP: 67/70 MP: 6/6
  3180 | D:5      | Noticed Prince Ribbit
  3196 | D:5      | Found Beawoi's Book Boutique.
  3234 | D:5      | Found a white marble altar of Elyvilon.
  3266 | D:5      | Killed Prince Ribbit
  3322 | D:5      | Reached skill level 8 in Unarmed Combat
  3672 | D:5      | Reached skill level 5 in Fighting
  3672 | D:5      | Reached XP level 8. HP: 76/79 MP: 7/7
  3861 | D:6      | Reached skill level 9 in Unarmed Combat
  4110 | D:6      | Found Keoqez's Weapon Emporium.
  4217 | D:6      | Noticed urechis's ghost (novice VSMo)
  4255 | D:6      | HP: 3/80 [urechis's ghost (11)]
  4257 | D:6      | Killed urechis's ghost
  4260 | D:6      | Reached skill level 10 in Unarmed Combat
  4501 | D:6      | Found a staircase to the Ecumenical Temple.
  4619 | Temple   | Entered the Ecumenical Temple
  4844 | D:6      | Reached XP level 9. HP: 83/89 MP: 8/8
  4848 | D:6      | Gained mutation: Armour fits poorly on your strangely shaped body. [mutagenic meat]
  4849 | D:6      | Gained mutation: Your flesh is heat resistant. [mutagenic meat]
  4850 | D:6      | Gained mutation: You tend to lose your temper in combat. [mutagenic meat]
  4851 | D:6      | Gained mutation: You have a somewhat thin skeletal structure (Dex +2, Stealth). [mutagenic meat]
  5482 | D:7      | Found Fidug's Book Shoppe.
  5496 | D:7      | Reached skill level 11 in Unarmed Combat
  5682 | D:7      | Found a white marble altar of Elyvilon.
  5685 | D:7      | Found a sacrificial altar of Ru.
  5688 | D:7      | Found a glowing golden altar of the Shining One.
  6672 | D:7      | Gained mutation: Potions and wands are less effective at restoring your health. [potion of mutation]
  6672 | D:7      | Gained mutation: You can translocate small distances at will. [potion of mutation]
  6672 | D:7      | Gained mutation: You are partially covered in rough black scales (AC +4, Dex -1). [potion of mutation]
  6822 | D:8      | Found Moreh's Magic Scroll Shop.
  6830 | D:8      | Bought 2 scrolls of magic mapping for 70 gold pieces
  6953 | D:8      | Reached XP level 10. HP: 104/104 MP: 9/9
  7336 | D:8      | Found a staircase to the Lair.
  7344 | D:8      | Reached skill level 12 in Unarmed Combat
  7453 | D:8      | Found a glowing silver altar of Zin.
  7677 | Lair:1   | Entered Level 1 of the Lair of Beasts
  7907 | Lair:1   | Noticed a spiny frog
  7913 | Lair:1   | Killed a spiny frog
  7958 | Lair:1   | Noticed a spiny frog
  7967 | Lair:1   | Killed a spiny frog
  8275 | Lair:4   | Found a staircase to the Swamp.
  8285 | Lair:5   | Noticed Rupert
  8300 | Lair:5   | Noticed an oklob plant
  8386 | Lair:5   | Reached skill level 13 in Unarmed Combat
  8623 | Lair:6   | Noticed a spiny frog
  8681 | Lair:6   | Reached XP level 11. HP: 82/117 MP: 10/10
  8939 | Lair:6   | Noticed a death yak
  9117 | Lair:6   | Noticed a death yak
  9134 | Lair:6   | Killed a death yak
  9134 | Lair:6   | Reached skill level 10 in Fighting
  9197 | Lair:6   | Noticed a griffon
  9250 | Lair:6   | Killed a griffon
  9276 | Lair:7   | Noticed Josephine
  9289 | Lair:6   | Noticed a death yak
  9289 | Lair:6   | Noticed a death yak
  9295 | Lair:5   | Reached skill level 14 in Unarmed Combat
  9295 | Lair:5   | Found a hole to the Spider Nest.
  9324 | Lair:5   | Slain by a wolf

Skill      XL: |  1  2  3  4  5  6  7  8  9 10 11 |
---------------+----------------------------------+-----
Unarmed Combat | 5 6 7 8 10 11 13 14 | 14.0
Fighting       | 3 4 5 6 8 9 10 | 10.0
Dodging        | |  2.4
Stealth        | |  1.1

Action                   |  1- 3 |  4- 6 |  7- 9 | 10-12 || total
-------------------------+-------+-------+-------+-------++-------
Melee: Unarmed           |   107 |   141 |   281 |   279 ||   808
       Punch             |     2 |     4 |     8 |    18 ||    32
  Use: Scroll            |       |       |     6 |     2 ||     8
       Potion            |       |       |    10 |     2 ||    12
 Stab: Sleeping          |     3 |     2 |     6 |     3 ||    14
       Distracted        |       |       |     1 |     1 ||     2
  Eat: Chunk             |    18 |    12 |    46 |    23 ||    99
Armor: Robe              |    47 |    68 |    74 |    91 ||   280
Dodge: Dodged            |    55 |    71 |   128 |   144 ||   398
